2698 views
Uploaded 2020-03-06 14:21:49
Game version 1.32.2
10:42 long 3on3 ladder game on (6)UpperKingdom
Saved by iggythefisk
2698 views
Uploaded 2020-03-06 14:21:49
Game version 1.32.2
10:42 long 3on3 ladder game on (6)UpperKingdom


47 units @ 3.5k
/ 0k
113 buildings @ 5.8k
/ 2.8k


| Potion of Healing | 1 | 150 |
| Scroll of Regeneration | 1 | 100 |
| total: | 2 | 250g |
| Peasant | 14 | 1050 | / | 0 |
| total: | 14 | 1050g | / | 0w |
| Scout Tower | 29 | 870 | / | 580 |
| Arcane Tower | 3 | 210 | / | 150 |
| Guard Tower | 24 | 1680 | / | 1200 |
| Altar of Kings | 1 | 180 | / | 50 |
| Lumber Mill | 1 | 120 | / | 0 |
| Farm | 3 | 240 | / | 60 |
| Arcane Vault | 2 | 260 | / | 60 |
| Keep | 1 | 320 | / | 210 |
| total: | 36 | 1670g | / | 750w |
| 0:01 | Peasant |
| 0:03 | Altar of Kings |
| 0:04 | Peasant |
| 0:14 | Lumber Mill |
| 0:15 | Peasant |
| 0:22 | Peasant |
| 0:32 | Farm |
| 0:48 | Peasant |
| 0:54 | Scout Tower |
| 1:07 | Peasant |
| 1:15 | Scout Tower |
| 1:28 | Arcane Tower |
| 1:38 | Peasant |
| 1:38 | Peasant |
| 1:43 | Farm |
| 1:51 | Arcane Tower |
| 2:00 | Scout Tower |
| 2:06 | Scout Tower |
| 2:08 | Peasant |
| 2:27 | Guard Tower |
| 2:28 | Scout Tower |
| 2:33 | Blizzard |
| 2:36 | Scout Tower |
| 2:45 | Guard Tower |
| 2:46 | Peasant |
| 2:47 | Peasant |
| 2:55 | Scout Tower |
| 2:56 | Guard Tower |
| 3:07 | Guard Tower |
| 3:10 | Peasant |
| 3:14 | Scout Tower |
| 3:23 | Scout Tower |
| 3:24 | Guard Tower |
| 3:31 | Peasant |
| 3:44 | Scout Tower |
| 3:44 | Guard Tower |
| 3:46 | Scout Tower |
| 3:49 | Peasant |
| 4:02 | Improved Masonry |
| 4:09 | Guard Tower |
| 4:13 | Scout Tower |
| 4:21 | Scout Tower |
| 4:23 | Scout Tower |
| 4:25 | Guard Tower |
| 4:39 | Guard Tower |
| 4:48 | Guard Tower |
| 4:53 | Scout Tower |
| 5:03 | Scout Tower |
| 5:21 | Guard Tower |
| 5:23 | Scout Tower |
| 5:29 | Guard Tower |
| 5:30 | Scout Tower |
| 5:34 | Brilliance Aura |
| 5:40 | Guard Tower |
| 5:43 | Scout Tower |
| 5:44 | Scout Tower |
| 5:53 | Keep |
| 6:10 | Guard Tower |
| 6:45 | Scout Tower |
| 6:47 | Guard Tower |
| 6:50 | Scout Tower |
| 7:02 | Guard Tower |
| 7:05 | Scout Tower |
| 7:26 | Guard Tower |
| 7:27 | Guard Tower |
| 7:29 | Arcane Vault |
| 7:35 | Arcane Vault |
| 7:40 | Farm |
| 7:43 | Scout Tower |
| 7:43 | Scout Tower |
| 8:03 | Guard Tower |
| 8:25 | Guard Tower |
| 8:48 | Scout Tower |
| 8:51 | Arcane Tower |
| 8:52 | Guard Tower |
| 9:00 | Scout Tower |
| 9:01 | Scout Tower |
| 9:18 | Guard Tower |
| 9:23 | Potion of Healing |
| 9:29 | Storm Bolt |
| 9:31 | Advanced Masonry |
| 10:10 | Guard Tower |
| 10:15 | Guard Tower |
| 10:16 | Scout Tower |
| 10:19 | Scroll of Regeneration |
| Right click | 537 |
| Assign group | 476 |
| Select group | 203 |
| Select | 135 |
| Build/train/purchase | 58 |
| Use ability | 20 |
| Chat | 7 |
| Minimap ping | 1 |

| Scroll of Regeneration | 1 | 100 |
| Potion of Healing | 1 | 150 |
| Ivory Tower | 3 | 120 |
| total: | 5 | 370g |
| Peasant | 17 | 1275 | / | 0 |
| total: | 17 | 1275g | / | 0w |
| Scout Tower | 29 | 870 | / | 580 |
| Arcane Tower | 1 | 70 | / | 50 |
| Guard Tower | 15 | 1050 | / | 750 |
| Altar of Kings | 1 | 180 | / | 50 |
| Farm | 3 | 240 | / | 60 |
| Lumber Mill | 1 | 120 | / | 0 |
| Arcane Vault | 1 | 130 | / | 30 |
| Town Hall | 2 | 770 | / | 410 |
| Keep | 1 | 320 | / | 210 |
| total: | 37 | 2310g | / | 1130w |
| 0:01 | Peasant |
| 0:04 | Altar of Kings |
| 0:10 | Peasant |
| 0:20 | Farm |
| 0:23 | Peasant |
| 0:34 | Lumber Mill |
| 0:36 | Peasant |
| 0:45 | Scout Tower |
| 0:49 | Scout Tower |
| 0:54 | Peasant |
| 1:10 | Peasant |
| 1:12 | Arcane Tower |
| 1:17 | Scout Tower |
| 1:21 | Peasant |
| 1:32 | Farm |
| 1:34 | Peasant |
| 1:55 | Guard Tower |
| 1:58 | Peasant |
| 2:02 | Scout Tower |
| 2:10 | Peasant |
| 2:26 | Scout Tower |
| 2:30 | Blizzard |
| 2:36 | Guard Tower |
| 3:01 | Brilliance Aura |
| 3:05 | Guard Tower |
| 3:08 | Scout Tower |
| 3:10 | Scout Tower |
| 3:11 | Scout Tower |
| 3:29 | Peasant |
| 3:30 | Peasant |
| 3:31 | Improved Masonry |
| 3:34 | Scout Tower |
| 3:35 | Guard Tower |
| 3:50 | Scout Tower |
| 3:51 | Guard Tower |
| 4:23 | Scout Tower |
| 4:23 | Guard Tower |
| 4:25 | Scout Tower |
| 4:33 | Peasant |
| 4:33 | Peasant |
| 5:10 | Guard Tower |
| 5:12 | Peasant |
| 5:12 | Peasant |
| 5:46 | Scout Tower |
| 6:14 | Arcane Vault |
| 6:15 | Scout Tower |
| 6:16 | Scout Tower |
| 6:16 | Scout Tower |
| 6:20 | Keep |
| 6:21 | Farm |
| 6:42 | Scout Tower |
| 6:42 | Scout Tower |
| 6:42 | Scout Tower |
| 6:50 | Guard Tower |
| 6:52 | Scout Tower |
| 6:54 | Scout Tower |
| 6:55 | Scout Tower |
| 6:55 | Scout Tower |
| 6:58 | Scout Tower |
| 6:59 | Scout Tower |
| 7:08 | Scout Tower |
| 7:09 | Scout Tower |
| 8:07 | Guard Tower |
| 8:09 | Scout Tower |
| 8:09 | Scout Tower |
| 8:17 | Guard Tower |
| 8:43 | Guard Tower |
| 8:45 | Guard Tower |
| 8:46 | Guard Tower |
| 8:54 | Advanced Masonry |
| 8:55 | Peasant |
| 9:11 | Scroll of Regeneration |
| 9:11 | Potion of Healing |
| 9:12 | Ivory Tower |
| 9:12 | Ivory Tower |
| 9:12 | Ivory Tower |
| 9:54 | Guard Tower |
| 10:01 | Town Hall |
| 10:04 | Town Hall |
| Right click | 598 |
| Select | 191 |
| Build/train/purchase | 52 |
| Select group | 39 |
| Assign group | 29 |
| Use ability | 11 |
| Minimap ping | 2 |
| Esc | 1 |

| Scroll of Regeneration | 1 | 100 |
| Lesser Clarity Potion | 1 | 70 |
| Ivory Tower | 2 | 80 |
| Mechanical Critter | 1 | 50 |
| total: | 5 | 300g |
| Peasant | 16 | 1200 | / | 0 |
| total: | 16 | 1200g | / | 0w |
| Scout Tower | 33 | 990 | / | 660 |
| Arcane Tower | 3 | 210 | / | 150 |
| Guard Tower | 17 | 1190 | / | 850 |
| Altar of Kings | 1 | 180 | / | 50 |
| Farm | 3 | 240 | / | 60 |
| Lumber Mill | 1 | 120 | / | 0 |
| Arcane Vault | 1 | 130 | / | 30 |
| Arcane Sanctum | 1 | 150 | / | 140 |
| Keep | 1 | 320 | / | 210 |
| Castle | 1 | 360 | / | 210 |
| total: | 40 | 1810g | / | 940w |
| 0:06 | Peasant |
| 0:06 | Peasant |
| 0:09 | Altar of Kings |
| 0:11 | Farm |
| 0:26 | Peasant |
| 0:26 | Peasant |
| 0:41 | Peasant |
| 0:41 | Peasant |
| 0:56 | Lumber Mill |
| 1:00 | Scout Tower |
| 1:10 | Farm |
| 1:31 | Peasant |
| 1:31 | Peasant |
| 1:39 | Arcane Tower |
| 2:04 | Scout Tower |
| 2:10 | Blizzard |
| 2:12 | Peasant |
| 2:13 | Peasant |
| 2:16 | Scout Tower |
| 2:23 | Peasant |
| 2:24 | Improved Masonry |
| 2:33 | Guard Tower |
| 2:51 | Guard Tower |
| 3:00 | Peasant |
| 3:00 | Peasant |
| 3:01 | Peasant |
| 3:12 | Scout Tower |
| 3:13 | Scout Tower |
| 3:18 | Farm |
| 3:43 | Guard Tower |
| 3:43 | Guard Tower |
| 3:45 | Scout Tower |
| 3:46 | Scout Tower |
| 3:57 | Peasant |
| 3:57 | Peasant |
| 4:18 | Guard Tower |
| 4:21 | Scout Tower |
| 4:22 | Scout Tower |
| 4:25 | Scout Tower |
| 5:04 | Guard Tower |
| 5:09 | Scout Tower |
| 5:09 | Scout Tower |
| 5:13 | Scout Tower |
| 5:14 | Scout Tower |
| 5:29 | Keep |
| 5:38 | Guard Tower |
| 5:41 | Scout Tower |
| 5:41 | Scout Tower |
| 5:48 | Guard Tower |
| 5:54 | Guard Tower |
| 5:58 | Scout Tower |
| 6:00 | Scout Tower |
| 6:09 | Guard Tower |
| 6:14 | Guard Tower |
| 6:40 | Scout Tower |
| 6:41 | Arcane Tower |
| 7:14 | Scout Tower |
| 7:15 | Scout Tower |
| 7:15 | Guard Tower |
| 7:31 | Scout Tower |
| 7:32 | Scout Tower |
| 7:35 | Scout Tower |
| 7:36 | Scout Tower |
| 7:48 | Guard Tower |
| 7:59 | Arcane Vault |
| 8:41 | Guard Tower |
| 8:44 | Scout Tower |
| 8:45 | Scout Tower |
| 8:58 | Scout Tower |
| 8:58 | Scout Tower |
| 9:15 | Guard Tower |
| 9:37 | Scout Tower |
| 9:50 | Castle |
| 10:00 | Scout Tower |
| 10:11 | Advanced Masonry |
| 10:12 | Arcane Sanctum |
| 10:32 | Guard Tower |
| 10:34 | Scout Tower |
| 10:36 | Scout Tower |
| 10:38 | Scroll of Regeneration |
| 10:39 | Lesser Clarity Potion |
| 10:39 | Ivory Tower |
| 10:40 | Ivory Tower |
| 10:40 | Mechanical Critter |
| Right click | 502 |
| Select | 131 |
| Select group | 126 |
| Build/train/purchase | 74 |
| Use ability | 12 |
| Misc. action | 9 |
| Minimap ping | 6 |
| Assign group | 4 |
| Esc | 1 |
63 units @ 7k
/ 0.5k
25 buildings @ 3.8k
/ 1.2k

| Rod of Necromancy | 1 | 150 |
| Potion of Mana | 2 | 400 |
| total: | 3 | 550g |
| Acolyte | 4 | 300 | / | 0 |
| Ghoul | 4 | 480 | / | 0 |
| Crypt Fiend | 8 | 1720 | / | 320 |
| total: | 16 | 2500g | / | 320w |
| Crypt | 2 | 400 | / | 100 |
| Graveyard | 1 | 215 | / | 0 |
| Altar of Darkness | 1 | 180 | / | 50 |
| Ziggurat | 4 | 600 | / | 200 |
| Tomb of Relics | 1 | 130 | / | 30 |
| Sacrificial Pit | 1 | 75 | / | 150 |
| Halls of the Dead | 1 | 320 | / | 210 |
| total: | 10 | 1600g | / | 530w |
| 0:05 | Acolyte |
| 0:10 | Crypt |
| 0:13 | Graveyard |
| 0:18 | Acolyte |
| 0:46 | Altar of Darkness |
| 0:57 | Ziggurat |
| 1:12 | Ghoul |
| 1:25 | Tomb of Relics |
| 1:49 | Crypt Fiend |
| 2:15 | Ziggurat |
| 2:23 | Crypt Fiend |
| 2:53 | Acolyte |
| 2:53 | Acolyte |
| 3:07 | Death Coil |
| 3:28 | Crypt Fiend |
| 3:54 | Crypt Fiend |
| 4:25 | Ziggurat |
| 4:27 | Crypt |
| 4:55 | Death Pact |
| 5:07 | Rod of Necromancy |
| 5:26 | Ghoul |
| 5:26 | Ghoul |
| 5:33 | Ghoul |
| 6:12 | Halls of the Dead |
| 6:43 | Crypt Fiend |
| 8:43 | Crypt Fiend |
| 8:43 | Web |
| 8:45 | Crypt Fiend |
| 9:19 | Ziggurat |
| 9:22 | Sacrificial Pit |
| 10:02 | Potion of Mana |
| 10:02 | Potion of Mana |
| 10:11 | Crypt Fiend |
| Right click | 433 |
| Select | 118 |
| Select group | 79 |
| Build/train/purchase | 26 |
| Assign group | 13 |
| Use ability | 9 |
| Minimap ping | 3 |

| Wisp | 18 | 1080 | / | 0 |
| Archer | 11 | 1430 | / | 110 |
| Huntress | 3 | 585 | / | 60 |
| total: | 32 | 3095g | / | 170w |
| Moon Well | 4 | 720 | / | 160 |
| Altar of Elders | 1 | 180 | / | 50 |
| Ancient of War | 1 | 150 | / | 60 |
| Hunter's Hall | 1 | 210 | / | 100 |
| Ancient of Wind | 1 | 150 | / | 140 |
| Tree of Ages | 1 | 320 | / | 180 |
| total: | 8 | 1410g | / | 510w |
| 0:04 | Moon Well |
| 0:05 | Wisp |
| 0:09 | Altar of Elders |
| 0:10 | Wisp |
| 0:13 | Wisp |
| 0:29 | Wisp |
| 0:54 | Moon Well |
| 1:00 | Wisp |
| 1:15 | Ancient of War |
| 1:20 | Wisp |
| 1:28 | Wisp |
| 1:45 | Wisp |
| 2:01 | Hunter's Hall |
| 2:18 | Archer |
| 2:18 | Archer |
| 2:19 | Archer |
| 2:37 | Searing Arrows |
| 2:43 | Moon Well |
| 2:50 | Archer |
| 2:50 | Archer |
| 3:46 | Archer |
| 3:49 | Tree of Ages |
| 4:27 | Archer |
| 5:44 | Moon Well |
| 6:06 | Archer |
| 6:06 | Archer |
| 6:10 | Wisp |
| 6:10 | Wisp |
| 6:10 | Wisp |
| 6:15 | Archer |
| 6:32 | Archer |
| 7:11 | Wisp |
| 7:11 | Wisp |
| 8:06 | Ancient of Wind |
| 8:08 | Wisp |
| 8:08 | Wisp |
| 8:08 | Wisp |
| 8:45 | Wisp |
| 8:59 | Wisp |
| 9:01 | Huntress |
| 9:01 | Huntress |
| 9:01 | Huntress |
| Right click | 292 |
| Select | 95 |
| Build/train/purchase | 39 |
| Select group | 26 |
| Assign group | 7 |
| Minimap ping | 2 |

| Peasant | 11 | 825 | / | 0 |
| Footman | 4 | 540 | / | 0 |
| total: | 15 | 1365g | / | 0w |
| Farm | 4 | 320 | / | 80 |
| Altar of Kings | 1 | 180 | / | 50 |
| Barracks | 1 | 160 | / | 60 |
| Lumber Mill | 1 | 120 | / | 0 |
| total: | 7 | 780g | / | 190w |
| 0:05 | Farm |
| 0:12 | Altar of Kings |
| 0:23 | Peasant |
| 0:23 | Peasant |
| 0:45 | Barracks |
| 0:59 | Peasant |
| 0:59 | Peasant |
| 1:07 | Peasant |
| 1:31 | Peasant |
| 1:40 | Lumber Mill |
| 1:52 | Peasant |
| 2:00 | Farm |
| 2:04 | Farm |
| 2:07 | Farm |
| 2:31 | Summon Water Elemental |
| 2:57 | Footman |
| 2:57 | Footman |
| 3:05 | Peasant |
| 3:05 | Peasant |
| 3:05 | Peasant |
| 3:05 | Peasant |
| 3:54 | Footman |
| 3:54 | Footman |
| Right click | 325 |
| Select | 81 |
| Build/train/purchase | 21 |
| Minimap ping | 12 |
| Select group | 10 |
| Assign group | 2 |
| Use ability | 1 |
⇛